 Dungeon Crawl Stone Soup version 0.28-a0-998-gb9e9c7b67e (webtiles) character file.

Game seed: 12229021666818866830

67 demibob the Ruffian (level 3, -9/29 HPs)
             Began as a Demonspawn Wanderer on Dec 6, 2021.
             Was a Follower of Vehumet.
             Killed by nerve-wracking pain
             ... invoked by Grinder
              (12 damage)
             ... on level 3 of the Dungeon.
             The game lasted 00:03:35 (2635 turns).

demibob the Ruffian (Demonspawn Wanderer)           Turns: 2635, Time: 00:03:36

Health: -9/29      AC:  3    Str: 12    XL:     3   Next: 98%
Magic:  1/3        EV: 11    Int: 16    God:    Vehumet [*.....]
Gold:   67         SH:  0    Dex: 11    Spells: 1/2 levels left

rFire   . . .      SeeInvis .     - Unarmed
rCold   . . .      Faith    .   (no shield)
rNeg    . . .      Spirit   .   j - +0 leather armour
rPois   .          Reflect  .   (no helmet)
rElec   .          Harm     .   (no cloak)
rCorr   .          Rampage  .   (no gloves)
Will    .....                   (no boots)
Stlth   +.........              n - amulet of regeneration
HPRegen 0.89/turn               L - ring of flight
MPRegen 0.08/turn               (no ring)

@: on berserk cooldown, flying, slowed, very slow
A: spiny 1
a: Renounce Religion


You were on level 3 of the Dungeon.
You worshipped Vehumet.
Vehumet was aware of your devotion.
You visited 1 branch of the dungeon, and saw 3 of its levels.

You collected 67 gold pieces.


Innate Abilities, Weirdness & Mutations

You are partially covered in sharp spines.


   Skills:
 - Level 3.0 Fighting
 - Level 1.0 Bows
 - Level 1.0 Throwing
 - Level 1.7 Armour
 - Level 1.0 Dodging
 - Level 1.0 Shields
 * Level 3.1 Unarmed Combat
 + Level 1.4 Conjurations


You had one spell level left.
You knew the following spells:

 Your Spells              Type           Power      Damage    Failure   Level
m - Magic Dart            Conj           16%        1d3       19%         1

Your spell library contained the following spells:

 Spells                   Type           Power      Damage    Failure   Level
 Gell's Gravitas          Tloc           0%         N/A       67%         3
 Lesser Beckoning         Tloc           0%         N/A       67%         3
 Teleport Other           Tloc           0%         N/A       67%         3
 Dispersal                Tloc           0%         N/A       100%        6

Inventory:

Hand Weapons
 a - a +0 club
Missiles
 h - 3 curare-tipped darts {=f}
 k - 26 poisoned darts
Armour
 j - a +0 leather armour (worn)
Jewellery
 n - an amulet of regeneration (around neck)
 L - a ring of flight (left hand)
Wands
 q - a wand of iceblast (13)
Scrolls
 b - 2 scrolls of blinking
 m - a scroll of silence {unknown}
 o - a scroll of teleportation {@r2}
 p - a scroll of immolation
Potions
 c - a potion of lignification
 d - a potion of heal wounds {unknown}
 f - a potion of curing {unknown}
 g - a potion of invisibility {unknown}
 i - a potion of might {unknown}
 l - a potion of attraction
 r - a potion of cancellation {unknown}

Dungeon Overview and Level Annotations

Branches:
Dungeon (3/15)

Altars:
Vehumet

Annotations:
D:3 Grinder

####### ## #### #.....#
##.#.....
#.....#########....####
##..............@5.....#
#.........######........
#......##.# ##.#..#.#
#.##.#.##.# ## .!..
#<##...##.# #.#
#.##.#.##.# #
#.##.#.##.#
#.........#######
######.####.....###


You could see Grinder.


Message History

You hit Grinder.
Grinder is lightly wounded.
You punch Grinder!
Grinder is heavily wounded.
Grinder closely misses you.
You barely miss Grinder.
Grinder is heavily wounded.
You closely miss Grinder.
Grinder is heavily wounded.
Grinder is struck by your spines. Grinder hits you!
You writhe in agony.
* * * LOW HITPOINT WARNING * * *
You punch Grinder!
Grinder is severely wounded.
Grinder barely misses you.
You barely miss Grinder.
Grinder is severely wounded.
You closely miss Grinder.
Grinder is severely wounded.
Grinder hits you!
* * * LOW HITPOINT WARNING * * *
You writhe in agony.
* * * LOW HITPOINT WARNING * * *
You barely miss Grinder.
Grinder is severely wounded.
You are no longer berserk.
You are exhausted.
You feel yourself slow down. Grinder gestures at you.
Pain shoots through your body!
You die...

Skill      XL: |  1  2  3 |
---------------+----------+-----
Unarmed Combat | 2 3 |  3.1
Conjurations   | 1 |  1.4
Fighting       | |  3.0
Bows           | |  1.0
Throwing       | |  1.0
Armour         | |  1.7
Dodging        | |  1.0
Shields        | |  1.0

Action                   || total
-------------------------++-------
Melee: Club              ||    43
       Punch             ||     1
       Unarmed           ||    81
 Cast: Magic Dart        ||     7
  Use: Scroll            ||     3
       Potion            ||     1
Armor: Ring mail         ||    21
       Leather armour    ||    19
Dodge: Dodged            ||    61

Levels and vault maps discovered:
D:1:      lightli_iron_boxes, layout_loops_cross,
          dreamdust_ecumenical_altar_angels_and_demons, minmay_misc_feat_rugged
D:2:      layout_basic, hangedman_decor_peaks_small, serial_bayou_lagoon_b
D:3:      layout_loops_cross, uniq_grinder

Notes
Turn   | Place    | Note
-------+----------+-------------------------------------------
     0 | D:1      | demibob the Demonspawn Wanderer began the quest for the
                  | Orb.
     0 | D:1      | demibob set off with the following items: a +0 club, a
                  | scroll of blinking, a potion of lignification, a +0 ring
                  | mail, a potion of berserk rage {!q}
     0 | D:1      | Reached XP level 1. HP: 18/18 MP: 1/1
   549 | D:1      | Found a faded altar of an unknown god.
   555 | D:1      | Prayed at the altar of an unknown god.
   555 | D:1      | Became a worshipper of Vehumet
   555 | D:1      | Reached * piety under Vehumet
   555 | D:1      | Offered knowledge of Magic Dart by Vehumet.
   569 | D:1      | Reached skill level 2 in Unarmed Combat
   569 | D:1      | Gained mutation: You are partially covered in sharp spines.
                  | [demonic ancestry]
   569 | D:1      | Reached XP level 2. HP: 24/24 MP: 2/2
   580 | D:1      | Learned a level 1 spell: Magic Dart
  2086 | D:3      | Reached skill level 1 in Conjurations
  2086 | D:3      | Reached XP level 3. HP: 21/29 MP: 3/3
  2346 | D:3      | Reached skill level 3 in Unarmed Combat
  2616 | D:3      | Noticed Grinder
  2620 | D:3      | Paralysed by Grinder for 3 turns
  2634 | D:3      | HP: 4/43 [Grinder (6)]
  2635 | D:3      | Killed from afar by Grinder

Vanquished Creatures
  2 adders (D:3)
  2 dart slugs
  An orc (D:3)
  3 ball pythons
  4 bats
  2 endoplasms
  2 giant cockroaches (D:3)
  4 goblins
  4 hobgoblins
  2 jackals (D:2)
  2 quokkas
  5 frilled lizards
  4 kobolds
  6 rats
43 creatures vanquished.

Table legend: (Time is in decaauts)
 A = Elapsed time spent in this place.
 B = Non-inter-level travel time spent in this place.
 C = Inter-level travel time spent in this place.
 D = Time resting spent in this place.
 E = Time spent auto-exploring this place.
 F = Levels seen in this place.
 G = Mean time per level.
                   A        B        C        D        E       F      G
               +--------+--------+--------+--------+--------+-----+--------+
         Total |   2638 |   2600 |     38 |    134 |   2085 |   3 |  879.3 |
       Dungeon |   2638 |   2600 |     38 |    134 |   2085 |   3 |  879.3 |
               +--------+--------+--------+--------+--------+-----+--------+

Top non-repeatable levels by time:
     D:1: 1245 daAuts
     D:2: 839 daAuts
     D:3: 553 daAuts

Table legend:
 A = Non-vault XP
 B = Vault XP
 C = Vault XP percentage of total XP
 D = Non-vault monster count
 E = Vault monster count
 F = Vault count percentage of total count
                 A         B        C        D         E       F
            +---------+---------+-------+---------+---------+-------
      Total |      96 |       0 |   0.0 |      43 |       0 |   0.0
            +---------+---------+-------+---------+---------+-------
        D:1 |      21 |       0 |   0.0 |      13 |       0 |   0.0
        D:2 |      19 |       0 |   0.0 |       9 |       0 |   0.0
        D:3 |      56 |       0 |   0.0 |      21 |       0 |   0.0
            +---------+---------+-------+---------+---------+-------
